 Dungeon Crawl Stone Soup version 0.29.1-2-gbd0b4ee654 (webtiles) character file.

Game seed: 8346160841392153223

18355 croobank the Fighter (level 12, 0/150 HPs)
             Began as a Demonspawn Conjurer on Oct 30, 2022.
             Was an Initiate of Gozag.
             Slain by an elephant (12 damage)
             ... on level 2 of the Lair of Beasts.
             The game lasted 01:11:00 (15762 turns).

croobank the Fighter (Demonspawn Conjurer)         Turns: 15762, Time: 01:11:01

Health: 0/150      AC: 30    Str:  9    XL:     12   Next: 27%
Magic:  3/23       EV:  2    Int: 29    God:    Gozag
Gold:   322        SH:  0    Dex: 14    Spells: 20/26 levels left

rFire   + . .      SeeInvis .   o - +5 flail (freeze)
rCold   + . .      Faith    .   (no shield)
rNeg    + + .      Spirit   .   (body armour currently unavailable)
rPois   +          Reflect  .   (helmet currently unavailable)
rElec   +          Harm     .   (cloak currently unavailable)
rCorr   +          Rampage  .   (gloves currently unavailable)
Will    .....      NoTele   +   (boots currently unavailable)
Stlth   +++.......              A - amulet of regeneration
HPRegen 1.15/turn               Y - +6 ring of intelligence
MPRegen 0.18/turn               Q - ring "Emae" {rN++ AC+4 Dex+2 Slay+3}

@: mighty, agile, tree-form, resistant, slowed, invisible, very slow
A: stationary, stasis, torment immunity, boosted hp, (hooves 2), foul stench 1,
powered by pain 2, (sharp scales 2)
a: End Transformation, Renounce Religion, Potion Petition, Call Merchant, Bribe
Branch


You were on level 2 of the Lair of Beasts.
You worshipped Gozag.
Gozag was aware of your devotion.
You were a tree.
You visited 2 branches of the dungeon, and saw 12 of its levels.

You collected 2373 gold pieces.
You spent 993 gold pieces at shops.
You paid 1058 gold pieces to Gozag.

Inventory:

Hand Weapons
 b - a +3 great mace
 j - a +1 short sword
 o - a +5 flail of freezing (weapon)
 s - a +0 dagger of protection
 L - a +3 vorpal sling
 M - a +1 scimitar of freezing
 W - a +0 vampiric spear
Missiles
 c - 7 javelins
 g - a curare-tipped dart
 B - 2 throwing nets
 R - 5 datura-tipped darts (quivered)
Armour
 a - a +0 robe
 e - a +1 pair of gloves (melded)
 p - a +1 cloak (melded)
 v - the +1 leather armour of Ifeiweush (melded) {rPois rF+}
   (You found it on level 4 of the Dungeon)

   rF:        It protects you from fire.
   rPois:     It protects you from poison.
 F - a +1 hat (melded)
 K - the +10 plate armour of Seuhe {Drain rElec rPois Regen+}
   (You found it on level 7 of the Dungeon)

   rElec:     It insulates you from electricity.
   rPois:     It protects you from poison.
   Regen:     It increases your rate of health regeneration.
   Drain:     It drains your maximum health when unequipped.
Magical Staves
 N - a staff of fire
 O - a staff of air
 P - a staff of poison
Jewellery
 r - a +6 ring of dexterity
 y - a ring of flight
 A - an amulet of regeneration (around neck)
 Q - the ring "Emae" (right branch) {rN++ AC+4 Dex+2 Slay+3}
   (You bought it in a shop on level 7 of the Dungeon)

   [ring of protection]

   AC:        It affects your AC (+4).
   Dex:       It affects your dexterity (+2).
   Slay:      It affects your accuracy & damage with ranged weapons and melee
   (+3).
   rN:        It greatly protects you from negative energy.
 S - a ring of willpower
 T - a ring of magical power
 X - a ring of willpower
 Y - a +6 ring of intelligence (left branch)
Wands
 q - a wand of mindburst (26)
 t - a wand of polymorph (7)
 x - a wand of digging (6)
 C - a wand of quicksilver (3)
 H - a wand of flame (15)
 I - a wand of roots (2)
Scrolls
 i - 2 scrolls of amnesia
 k - 4 scrolls of enchant weapon
 m - 3 scrolls of vulnerability
 u - a scroll of fog
Potions
 f - a potion of brilliance
 h - a potion of lignification
 n - 5 potions of flight
 E - 4 potions of curing
 G - a potion of attraction
 U - 2 potions of ambrosia
 Z - a potion of resistance
Miscellaneous
 J - a tin of tremorstones (inert)
 V - a phial of floods (inert)


   Skills:
 - Level 11.1 Fighting
 - Level 7.5 Dodging
 - Level 4.5 Stealth
 - Level 7.5 Spellcasting
 - Level 9.0 Conjurations
 + Level 5.9 Summonings
 - Level 6.7 Fire Magic


You had 20 spell levels left.
You knew the following spells:

 Your Spells              Type           Power      Damage    Failure   Level
a - Magic Dart            Conj           100%       1d8       1%          1
b - Foxfire               Conj/Fire      100%       2x1d9     1%          1
c - Searing Ray           Conj           100%       2d8       1%          2
d - Scorch                Fire           100%       2d10      1%          2

Your spell library contained the following spells:

 Spells                   Type           Power      Damage    Failure   Level
 Conjure Flame            Conj/Fire      54%        6-21      1%          3
 Flame Wave               Conj/Fire      54%        2d13      1%          4
 Dazzling Flash           Conj/Hex       74%        N/A       2%          3
 Inner Flame              Hex/Fire       30%        N/A       3%          3
 Ensorcelled Hibernation  Hex/Ice        20%        N/A       8%          2
 Fulminant Prism          Conj/Hex       18%        3d11      8%          4
 Iskenderun's Mystic Bla  Conj/Tloc      37%        2d9       8%          4
 Spider Form              Tmut/Pois      10%        N/A       14%         3
 Summon Ice Beast         Ice/Summ       28%        N/A       14%         4
 Summon Mana Viper        Hex/Summ       28%        N/A       36%         5
 Anguish                  Hex/Necr       5%         N/A       43%         4
 Summon Cactus Giant      Summ           22%        N/A       54%         6
 Agony                    Necr           10%        N/A       80%         5
 Silence                  Hex/Air        5%         N/A       80%         5
 Monstrous Menagerie      Summ           22%        N/A       98%         7


Dungeon Overview and Level Annotations

Branches:
Dungeon (9/15)             Temple (0/1) D:6            Lair (3/5) D:9
  Swamp (0/4) Lair:2       Spider (0/4) Lair:2
    Orc: D:9-12

Altars:
Cheibriados
Gozag
Hepliaklqana
Makhleb
Okawaru

Shops:
D:7 =

Annotations:
D:3 2 runed translucent doors, Crazy Yiuf; SirLogeyBear's ghost, amateur HOBe
D:9 Erolcha
Lair:2 Fannar


Innate Abilities, Weirdness & Mutations

You are a tree.
Your roots penetrate the ground, keeping you stationary.
You cannot be teleported.
You are immune to unholy pain and torment.
Your maximum health is greatly increased.
Your equipment is partially melded.
((You have hoof-like feet.))
You may rarely emit foul miasma when damaged in melee.
You sometimes gain power by taking damage.
((You are mostly covered in razor-sharp scales. (AC +2, Slay +2)))


Message History

The elephant tramples you but does no damage.
The elephant trunk-slaps you but does no damage.
The elephant barely misses you.
The elephant trunk-slaps you but does no damage.
The vampire mosquito bites you but does no damage.
The elephant tramples you but does no damage.
The elephant trunk-slaps you but does no damage.
The elephant tramples you.
* * * LOW HITPOINT WARNING * * *
The elephant trunk-slaps you but does no damage.
The elephant tramples you.
* * * LOW HITPOINT WARNING * * *
The elephant trunk-slaps you but does no damage.
The vampire mosquito bites you but does no damage.
The elephant tramples you but does no damage.
The elephant trunk-slaps you.
* * * LOW HITPOINT WARNING * * *
Okay, then.
Okay, then.
Throw: 6 darts (datura)
Press: ? - help, Q - select action, (/) - cycle Shift-Dir - straight line, f/p - elephant
Aim: an elephant (almost dead, unable to see you, 91% to hit, chance to frenzy on hit: 3%)
You throw a datura-tipped dart.
The datura-tipped dart hits the elephant.
The elephant resists.
The elephant is almost dead.
The bullfrog is no longer distracted by gold.
The elephant tramples you but does no damage.
The elephant trunk-slaps you but does no damage.
The elephant is engulfed in dark miasma.
The elephant looks as sick as possible!
The elephant tramples you but does no damage.
The elephant completely misses you.
The bullfrog hits you but does no damage.
The elephant tramples you but does no damage.
The elephant trunk-slaps you but does no damage.
The elephant is engulfed in dark miasma.
The elephant looks as sick as possible!
The elephant tramples you!
You die...
Your body crumbles into a pile of gold.

##..## ....#
...## ##.#
#.# # #.#
##.# #..
.... #..
####..##..
..#
#Y♣Y...... .
#.YYF......
.
#..#y#......
#..#$..##..#
## ... # .#
. .... # .
#.#. . ..#..
.


You could see 4 elephants, a vampire mosquito (unable to see you) and a bullfrog
(unable to see you).

Vanquished Creatures
  Gastronok (Lair:3)
  A hydra (Lair:1)
  A two-headed ogre (D:9)
  Urug (Lair:1)
  A manticore (D:7)
  7 elephants
  3 cane toads
  4 komodo dragons
  A meliai (Lair:2)
  A troll (D:6)
  3 blink frogs (Lair:3)
  Grinder (D:3)
  5 dream sheep (Lair:1)
  A shadow (D:9)
  18 yaks
  A basilisk (Lair:1)
  2 wyverns
  4 vampire mosquitoes
  2 steam dragons
  8 water moccasins
  An acid dragon (D:9)
  6 orc warriors
  An ice beast (D:7)
  A sky beast (D:7)
  2 black bears
  3 wolves (Lair:1)
  3 ogres
  4 centaurs
  3 kobold brigands
  8 bullfrogs
  3 necrophages
  A gnoll sergeant (D:8)
  2 scorpions
  A wight (D:9)
  6 killer bees
  An electric eel (Lair:1)
  3 orc priests
  5 hounds
  3 jellies
  A gnoll bouda (D:7)
  5 iguanas
  4 orc wizards
  9 gnolls
  5 adders
  2 shadow imps
  4 white imps
  An ufetubus (D:5)
  3 worms
  27 orcs
  4 bats
  12 endoplasms
  6 giant cockroaches
  4 goblins
  4 hobgoblins
  6 jackals
  4 quokkas
  10 ball pythons
  3 frilled lizards (D:1)
  20 kobolds
  7 rats
264 creatures vanquished.

Vanquished Creatures (collateral kills)
  A scorpion (D:7)
  5 foxfires
6 creatures vanquished.

Vanquished Creatures (others)
  693 foxfires
  70 fungi
  71 plants
834 creatures vanquished.

Grand Total: 1104 creatures vanquished

Notes
Turn   | Place    | Note
-------+----------+-------------------------------------------
     0 | D:1      | croobank the Demonspawn Conjurer began the quest for the
                  | Orb.
     0 | D:1      | Reached XP level 1. HP: 13/13 MP: 3/3
   173 | D:1      | Learned a level 1 spell: Foxfire
   387 | D:1      | Gained mutation: You are partially covered in razor-sharp
                  | scales. (AC +1, Slay +1) [demonic ancestry]
   387 | D:1      | Reached XP level 2. HP: 19/19 MP: 3/5
   413 | D:1      | Found a faded altar of an unknown god.
   606 | D:1      | Learned a level 2 spell: Searing Ray
   927 | D:1      | Gained mutation: You sometimes gain a little power by
                  | taking damage. [demonic ancestry]
   927 | D:1      | Reached XP level 3. HP: 24/24 MP: 4/6
  1862 | D:2      | Gained mutation: You are mostly covered in razor-sharp
                  | scales. (AC +2, Slay +2) [demonic ancestry]
  1862 | D:2      | Reached XP level 4. HP: 31/31 MP: 2/7
  2020 | D:2      | Reached skill level 1 in Fighting
  2787 | D:3      | Gained mutation: You have large cloven feet. [demonic
                  | ancestry]
  2787 | D:3      | Reached XP level 5. HP: 33/38 MP: 2/9
  2892 | D:3      | Noticed Grinder
  3336 | D:3      | Paralysed by Grinder for 5 turns
  3349 | D:3      | Killed Grinder
  3350 | D:3      | Reached skill level 2 in Fighting
  3350 | D:3      | Gained mutation: You have hoof-like feet. [demonic
                  | ancestry]
  3350 | D:3      | Reached XP level 6. HP: 38/46 MP: 1/10
  3654 | D:3      | Found a runed translucent door.
  3893 | D:3      | Noticed SirLogeyBear's ghost (amateur HOBe)
  4005 | D:3      | Found a runed translucent door.
  4006 | D:3      | Noticed Crazy Yiuf
  4103 | D:4      | Learned a level 2 spell: Scorch
  4170 | D:4      | Reached skill level 3 in Fighting
  4591 | D:4      | Identified the +1 leather armour of Ifeiweush {rPois rF+}
  5034 | D:5      | Entered Level 5 of the Dungeon
  5034 | D:5      | Found an opulent altar of Gozag.
  5035 | D:5      | Found an opulent altar of Gozag.
  5035 | D:5      | Found an opulent altar of Gozag.
  5038 | D:5      | Became a worshipper of Gozag Ym Sagoz the Greedy
  5074 | D:5      | Reached skill level 5 in Conjurations
  5232 | D:5      | Reached XP level 7. HP: 52/52 MP: 6/12
  5240 | D:5      | Found an opulent altar of Gozag.
  5390 | D:5      | Reached skill level 1 in Fire Magic
  5953 | D:5      | Reached skill level 4 in Fighting
  6808 | D:6      | Reached XP level 8. HP: 60/61 MP: 8/13
  7112 | D:6      | Found a staircase to the Ecumenical Temple.
  7173 | D:6      | Reached skill level 5 in Fighting
  7526 | D:6      | Identified a scroll of acquirement
  7526 | D:6      | Acquired an amulet of regeneration
  7586 | D:7      | Noticed a troll
  7631 | D:7      | Noticed a manticore
  7729 | D:6      | Killed a troll
  7730 | D:6      | Reached skill level 6 in Fighting
  8295 | D:7      | Killed a manticore
  8296 | D:7      | Reached XP level 9. HP: 36/71 MP: 14/16
  8696 | D:7      | Reached skill level 5 in Spellcasting
  8899 | D:6      | Reached skill level 7 in Fighting
  8899 | D:6      | Reached skill level 5 in Dodging
  9038 | D:7      | Identified the +10 plate armour of Seuhe {Drain rElec rPois
                  | Regen+}
  9151 | D:7      | Found a burning altar of Makhleb.
  9151 | D:7      | Found a snail-covered altar of Cheibriados.
  9152 | D:7      | Found a snail-covered altar of Cheibriados.
  9152 | D:7      | Found a snail-covered altar of Cheibriados.
  9417 | D:7      | Found Wiwou's Jewellery Shop.
  9425 | D:7      | Bought the ring "Emae" {rN++ AC+4 Dex+2 Slay+3} for 773
                  | gold pieces
 10197 | D:7      | Gained mutation: You sometimes gain power by taking damage.
                  | [demonic ancestry]
 10197 | D:7      | Reached XP level 10. HP: 75/80 MP: 11/18
 10223 | D:7      | Bought a ring of magical power for 220 gold pieces
 10329 | D:8      | Reached skill level 8 in Fighting
 10939 | D:8      | Found an iron altar of Okawaru.
 10940 | D:8      | Found a hazy altar of Hepliaklqana.
 11182 | D:9      | Noticed a two-headed ogre
 11345 | D:9      | Found a staircase to the Lair.
 11407 | D:9      | Reached skill level 5 in Fire Magic
 11533 | D:9      | Killed a two-headed ogre
 11534 | D:9      | Reached skill level 9 in Fighting
 11924 | D:9      | Noticed Erolcha
 12099 | D:9      | Noticed a two-headed ogre
 12118 | Lair:1   | Entered Level 1 of the Lair of Beasts
 12118 | Lair:1   | Noticed a six-headed hydra
 12148 | Lair:1   | Killed a six-headed hydra
 12149 | Lair:1   | Reached XP level 11. HP: 68/90 MP: 17/20
 12209 | Lair:1   | Noticed Urug
 12226 | Lair:1   | Killed Urug
 12451 | Lair:1   | Reached skill level 10 in Fighting
 13003 | Lair:1   | You fall into a shaft and drop 1 floor!
 13145 | Lair:2   | Found a hole to the Spider Nest.
 13199 | Lair:2   | Found a staircase to the Swamp.
 13247 | Lair:2   | Noticed Fannar
 14234 | Lair:1   | Reached skill level 11 in Fighting
 15042 | Lair:3   | Reached skill level 1 in Summonings
 15191 | Lair:3   | Gained mutation: You may rarely emit foul miasma when
                  | damaged in melee. [demonic ancestry]
 15191 | Lair:3   | Reached XP level 12. HP: 96/100 MP: 14/23
 15645 | Lair:3   | Noticed Gastronok
 15664 | Lair:3   | Noticed a seven-headed hydra
 15710 | Lair:3   | Killed Gastronok
 15711 | Lair:3   | Reached skill level 5 in Summonings
 15762 | Lair:2   | Slain by an elephant

Illustrated notes

Levels and vault maps discovered:
D:1:      matt_arrival_los_fun, layout_rooms, ebering_ecumenical_altar_box
D:2:      layout_basic, grunt_ministairs_8
D:3:      layout_loops_cross, lemuel_round_altar, ebering_ghost_sewer_d,
          st_stairs_1, amcnicky_mini_corridor_feature, uniq_crazy_yiuf_cottage,
          uniq_grinder
D:4:      layout_gridville
D:5:      layout_basic, nicolae_gozag_conspicuous_consumption,
          chequers_hall_statues_corner_a, hex_intersection
D:6:      layout_basic, minmay_temple_entry_from_below_b
D:7:      minmay_the_grid_octo_2x2 [minmay_the_grid_octo_shrine,
          minmay_the_grid_octo_thin_diamonds, minmay_the_grid_octo_clover,
          minmay_the_grid_octo_prize_ultimate_mussel_roller], layout_rooms,
          enter_bailey_4, serial_shops, shop
D:8:      layout_cave_pools, mainiacjoe_overflow_divided_tiny
D:9:      minmay_four_partial_circles, layout_basic,
          nicolae_sif_muna_condensation, due_lair_maze_entry_diamond,
          kennysheep_opposing_triangles, uniq_erolcha
Lair:1:   layout_misc_corridors, chequers_serial_rivers_micro_a,
          guppyfry_lair_drakes, infiniplex_staircase_pool_2,
          serial_bayou_shore_a, uniq_urug
Lair:2:   layout_loops_ring, minmay_swamp_entry_swarm,
          hellmonk_spider_entry_not_the_bees, uniq_fannar
Lair:3:   layout_regular_city, uniq_gastronok

Skill      XL: |  1  2  3  4  5  6  7  8  9 10 11 12 |
---------------+-------------------------------------+-----
Stealth        | 2 3 4 |  4.5
Dodging        | 2 3 4 5 6 7 |  7.5
Fighting       | 1 2 3 4 6 7 9 11 | 11.1
Spellcasting   | 3 4 5 6 7 |  7.5
Conjurations   | 5 6 7 8 9 |  9.0
Fire Magic     | 1 3 4 5 6 |  6.7
Summonings     | 1 5 |  5.9

Action                   |  1- 3 |  4- 6 |  7- 9 | 10-12 || total
-------------------------+-------+-------+-------+-------++-------
Melee: Flail             |    17 |       |       |     1 ||    18
       Short sword       |       |    52 |    74 |       ||   126
       Kick              |       |    20 |    34 |    24 ||    78
       Punch             |       |     1 |     2 |     1 ||     4
       Staff             |       |       |     7 |    47 ||    54
Throw: Throwing net      |       |     1 |       |       ||     1
       Dart              |       |       |       |     2 ||     2
 Cast: Magic Dart        |    28 |    29 |    19 |     6 ||    82
       Foxfire           |    45 |    95 |   184 |   100 ||   424
       Searing Ray       |       |     1 |     5 |     2 ||     8
       Scorch            |       |       |    23 |   258 ||   281
Invok: Potion Petition   |       |       |       |     3 ||     3
Evoke: Wand              |       |       |     4 |     8 ||    12
       Tin of tremorston |       |       |       |     2 ||     2
       Phial of floods   |       |       |       |     1 ||     1
  Use: Scroll            |       |     7 |     7 |    16 ||    30
       Potion            |       |     1 |     3 |     8 ||    12
 Stab: Sleeping          |       |     1 |       |       ||     1
Armor: Robe              |    17 |    15 |       |       ||    32
       Leather armour    |       |     6 |    67 |   124 ||   197
       Skin              |       |       |       |    81 ||    81
Dodge: Dodged            |    25 |    38 |   188 |   221 ||   472
